 Dungeon Crawl Stone Soup version 0.31.0-32-g396128a36d (webtiles) character file.

Game seed: 16111633426527243262

9445 PaiMei the Merchant of Misery (level 11, 0/84 (87) HPs)
             Began as a Demonspawn Necromancer on Apr 16, 2024.
             Was a Believer of Kikubaaqudgha.
             Slain by a laughing skull (2 damage)
             ... on level 9 of the Dungeon.
             The game lasted 00:23:45 (17087 turns).

PaiMei the Merchant of Misery (DsNe)               Turns: 17087, Time: 00:23:46

HP:   0/84 (87)     AC: 12    Str:  9    XL:     11   Next: 23%
MP:   0/23          EV: 16    Int: 19    God:    Kikubaaqudgha [**....]
Gold: 624           SH:  4    Dex: 14    Spells: 18/26 levels left

rFire   . . .        p - +1 whip (drain)
rCold   . . .        (no shield)
rNeg    . . .        F - +0 steam dragon scales
rPois   .            D - +2 hat of Lesser Demons {Will+}
rElec   .            n - +0 cloak
rCorr   .            (no gloves)
SInv    .            K - +0 pair of boots
Will    +....        (no amulet)
Stlth   ++           (no ring)
HPRegen 0.34/turn    (no ring)
MPRegen 0.36/turn

%: guardian spirit
@: lightly drained
A: slimy green scales 2, magic shield, magic regeneration, condensation shield,
demonic touch 1
a: Renounce Religion, Unearth Wretches


You were on level 9 of the Dungeon.
You worshipped Kikubaaqudgha.
Kikubaaqudgha was pleased with you.
You visited 2 branches of the dungeon, and saw 10 of its levels.
You also visited: Ossuary and Bailey.

You collected 624 gold pieces.

Inventory:

Hand Weapons
 p - a +1 whip of draining (weapon)
 H - a +3 trident
Missiles
 e - 8 poisoned darts (quivered)
Armour
 a - the +0 pair of gloves of the Spider Nest {rF+ rN+ Int-2 Stlth+}
   (You found it on level 8 of the Dungeon)

   Int-2:     It affects your intelligence (-2).
   rF+:       It protects you from fire.
   rN+:       It protects you from negative energy.
   Stlth+:    It makes you more stealthy.
 n - a +0 cloak (worn)
 t - a +1 scale mail of cold resistance
 y - a +2 helmet
 z - the +0 ring mail "Zurhuck" {*Corrode rN+++ Dex+4}
   (You took it off a goblin on level 4 of the Dungeon)

   Dex+4:     It affects your dexterity (+4).
   rN+++:     It renders you almost immune to negative energy.
   *Corrode:  It may corrode you when you take damage.
 D - the +2 hat of Lesser Demons (worn) {Will+}
   (You found it on level 5 of the Dungeon)

   Will+:     It increases your willpower.
 F - +0 steam dragon scales (worn)
 K - a +0 pair of boots (worn)
Jewellery
 s - an amulet of faith
Wands
 r - a wand of flame (19)
 G - a wand of iceblast (10)
 L - a wand of mindburst (6)
Scrolls
 c - 2 scrolls of immolation {unknown}
 f - 3 scrolls of teleportation
 g - 2 scrolls of fog {unknown}
 i - 9 scrolls of identify {unknown}
 j - a scroll of vulnerability {unknown}
 l - 3 scrolls of noise {unknown}
 o - a scroll of summoning {unknown}
 w - 2 scrolls of blinking {unknown}
 x - 5 scrolls of enchant weapon
 E - a scroll of acquirement {unknown}
 I - a scroll of torment {unknown}
 J - a scroll of silence {unknown}
 N - a scroll of fear {unknown}
Potions
 b - 4 potions of magic
 d - 2 potions of might {unknown}
 h - 4 potions of curing {unknown}
 k - 2 potions of haste {unknown}
 m - 3 potions of ambrosia {unknown}
 q - 3 potions of brilliance {unknown}
 u - a potion of mutation {unknown}
 v - 3 potions of attraction {unknown}
 A - 3 potions of heal wounds {unknown}
 B - 5 potions of lignification {unknown}
 C - a potion of cancellation {unknown}
 M - a potion of invisibility {unknown}


   Skills:
 + Level 8.8 Fighting
 + Level 8.3 Dodging
 - Level 2.0 Stealth
 + Level 8.4 Spellcasting
 + Level 10.7 Necromancy


You had 18 spell levels left.
You knew the following spells:

 Your Spells              Type           Power      Damage    Failure   Level
a - Necrotise             Necr           100%       1d9       1%          1
b - Vampiric Draining     Necr           48%        2d9       1%          3
c - Animate Dead          Necr           48%        N/A       1%          4

Your spell library contained the following spells:

 Spells                   Type           Power      Damage    Failure   Level
 Sublimation of Blood     Necr           48%        N/A       1%          2
 Fugue of the Fallen      Necr           48%        N/A       1%          3
 Cigotuvi's Dreadful Rot  Necr/Alch/Air  42%        N/A       3%          2
 Curse of Agony           Necr           48%        N/A       3%          5
 Magic Dart               Conj           32%        1d4       9%          1
 Anguish                  Hex/Necr       14%        N/A       10%         4
 Blink                    Tloc           16%        N/A       13%         2
 Call Imp                 Summ           16%        N/A       13%         2
 Ensorcelled Hibernation  Hex/Ice        16%        N/A       13%         2
 Inner Flame              Hex/Fire       8%         N/A       26%         3
 Flame Wave               Conj/Fire      8%         2d5       65%         4
 Sticky Flame             Fire/Alch      8%         2d4       65%         4


Dungeon Overview and Level Annotations

Branches:
Dungeon (9/15)             Temple (1/1) D:6         Ossuary (visited)
 Bailey (visited)
   Lair: D:8-11         Orc: D:9-12

Altars:
Ashenzari
Cheibriados
Dithmenos
Fedhas
Gozag
Hepliaklqana
Kikubaaqudgha
Nemelex Xobeh
Okawaru
Qazlal
Ru
Sif Muna
Trog
Uskayaw
Vehumet
Wu Jian
Xom
Yredelemnul

Shops:
D:7 [   D:9 (

Annotations:
D:9 Maggie


Innate Abilities, Weirdness & Mutations

You are mostly covered in slimy green scales. (AC +3)
When hurt, damage is shared between your health and your magic reserves.
You regenerate magic rapidly.
A meltable shield of frost defends you. (SH +4)
Your touch may inflict minor irresistible damage on your foes.


Message History

The laughing skull completely misses you.
You hit the laughing skull but do no damage.
The laughing skull barely misses you. The orc wizard completely misses you.
The laughing skull misses you.
You hit the laughing skull.
The laughing skull is moderately damaged.
The laughing skull misses you. The orc wizard misses you.
You block the laughing skull's attack.
You hit the laughing skull but do no damage.
Your touch misses the laughing skull.
The laughing skull is moderately damaged.
The orc wizard casts a spell.
The orc wizard flickers and vanishes!
Deactivating autopickup; reactivate with Ctrl-A.
The laughing skull completely misses you.
You hit the laughing skull but do no damage.
The laughing skull is moderately damaged.
You block the laughing skull's attack. Something hits you but does no damage.
The laughing skull gibbers with scorn.
The bolt of negative energy misses you. Something hits you but does no damage.
You hit the laughing skull. Your touch misses the laughing skull.
The laughing skull is moderately damaged.
The laughing skull headbutts you but does no damage.
The laughing skull barely misses you. Something hits you but does no damage.
You miss the laughing skull.
The laughing skull is moderately damaged.
The laughing skull cackles spitefully.
The bolt of negative energy misses you. Something hits you but does no damage.
You miss the laughing skull.
The laughing skull is moderately damaged.
The laughing skull gibbers with scorn.
The bolt of negative energy hits you!!
You feel drained.
* * * LOW HITPOINT WARNING * * *
You block the laughing skull's attack. Something hits you.
You closely miss the laughing skull. Your punch misses the laughing skull.
The laughing skull is moderately damaged.
The laughing skull headbutts you.
You die...
The laughing skull crumbles to pieces from sheer joy.
Kikubaaqudgha rasps: "You have failed me!
Welcome... death!"

.#...........#
.............#
###...........#
.............#
#...........#
#...........#
#...........#######
#...........{z@...#
#.%.........#######
#########....$....#
#...########
#...........
####....########.
........[<.......
#####.#.#)#.######
# #.#.#.#......#


You could see a laughing skull.

Vanquished Creatures
  A two-headed ogre (D:9)
  Amaemon (D:8)
  2 manticores (D:9)
  A troll (D:9)
  A troll (shapeshifter) (D:9)
  Prince Ribbit (D:7)
  Grinder (D:5)
  2 wyverns
  Eustachio (D:6)
  6 steam dragons
  A wyvern (shapeshifter) (D:9)
  12 orc warriors
  2 ice beasts (D:7)
  2 black bears
  2 sky beasts
  2 ogres (D:5)
  3 centaurs (D:9)
  5 phantoms
  A kobold brigand (D:6)
  4 bullfrogs
  5 scorpions
  4 wights (D:7)
  A killer bee (D:9)
  3 howler monkeys
  2 electric eels (D:8)
  A bombardier beetle (D:5)
  4 jellies
  5 orc priests
  4 hounds
  2 iguanas
  2 sleepcaps (D:7)
  13 orc wizards
  A crocodile zombie (Ossuary)
  Robin (D:4)
  2 mummies
  7 gnolls
  8 adders
  2 white imps (D:7)
  2 ufetubi
  A dart slug (D:4)
  A ribbon worm (D:5)
  45 orcs
  11 endoplasms
  A giant cockroach (D:2)
  9 hobgoblins
  3 jackals (D:5)
  14 kobolds
  3 quokkas
  5 ball pythons
  9 bats
  6 frilled lizards
  21 goblins
  A kobold zombie (Ossuary)
  2 orc zombies (D:5)
  4 rats
256 creatures vanquished.

Vanquished Creatures (collateral kills)
  2 ugly things (D:9)
  An orc (D:6)
  A ball python (D:2)
  A kobold (D:4)
5 creatures vanquished.

Vanquished Creatures (others)
  A sky beast (D:7)
  A troll zombie (D:9)
2 creatures vanquished.

Grand Total: 263 creatures vanquished

Notes
Turn   | Place    | Note
-------+----------+-------------------------------------------
     0 | D:1      | PaiMei the Demonspawn Necromancer began the quest for the
                  | Orb.
     0 | D:1      | Reached XP level 1. HP: 13/13 MP: 3/3
   335 | D:1      | Gained mutation: Your touch may inflict minor irresistible
                  | damage on your foes. [demonic ancestry]
   335 | D:1      | Reached XP level 2. HP: 19/19 MP: 1/5
   946 | D:2      | Gained mutation: You regenerate magic rapidly. [demonic
                  | ancestry]
   946 | D:2      | Reached XP level 3. HP: 25/25 MP: 4/6
   950 | D:2      | Learned a level 3 spell: Vampiric Draining
  1035 | D:2      | Reached skill level 1 in Fighting
  1750 | D:3      | Reached XP level 4. HP: 32/32 MP: 4/7
  2477 | D:4      | Found an iron altar of Okawaru.
  2498 | D:3      | Reached skill level 5 in Necromancy
  3389 | D:4      | Gained mutation: When hurt, damage is shared between your
                  | health and your magic reserves. [demonic ancestry]
  3389 | D:4      | Reached XP level 5. HP: 38/38 MP: 3/9
  3669 | D:4      | Identified the +0 ring mail "Zurhuck" {*Corrode rN+++
                  | Dex+4}
  3672 | D:4      | Noticed Robin
  4166 | D:4      | Killed Robin
  4341 | D:4      | Gained mutation: A meltable shield of frost defends you.
                  | (SH +4) [demonic ancestry]
  4341 | D:4      | Reached XP level 6. HP: 46/46 MP: 8/11
  4488 | D:4      | Found an opulent altar of Gozag.
  4488 | D:4      | Found a blossoming altar of Fedhas.
  4488 | D:4      | Found a snail-covered altar of Cheibriados.
  4488 | D:4      | Found a radiant altar of Vehumet.
  4488 | D:4      | Found a basalt altar of Yredelemnul.
  4488 | D:4      | Found a hazy altar of Hepliaklqana.
  5363 | D:5      | Entered Level 5 of the Dungeon
  5822 | D:5      | Learned a level 4 spell: Animate Dead
  5865 | D:5      | Reached skill level 6 in Necromancy
  5865 | D:5      | Reached XP level 7. HP: 52/52 MP: 4/12
  5886 | D:5      | Found a sand-covered staircase.
  5915 | Ossuary  | Entered an ossuary
  6992 | D:5      | Gained mutation: You are partially covered in slimy green
                  | scales. (AC +2) [demonic ancestry]
  6992 | D:5      | Reached XP level 8. HP: 60/60 MP: 11/14
  7021 | D:5      | Identified the +2 hat of Lesser Demons {Will+}
  7062 | D:5      | Noticed Grinder
  7230 | D:5      | Killed Grinder
  7231 | D:5      | Reached skill level 7 in Necromancy
  7603 | D:6      | Found a shimmering altar of Xom.
  7603 | D:6      | Noticed Eustachio
  7606 | D:6      | Reached skill level 5 in Spellcasting
  7803 | D:6      | Reached skill level 5 in Dodging
  8084 | D:6      | Killed Eustachio
  8085 | D:6      | Reached skill level 5 in Fighting
  8322 | D:6      | Found a shadowy altar of Dithmenos.
  8363 | D:6      | Found an ornate altar of the Wu Jian Council.
  8363 | D:6      | Found a radiant altar of Vehumet.
  8653 | D:6      | Reached XP level 9. HP: 68/68 MP: 10/17
  8804 | D:6      | Found a staircase to the Ecumenical Temple.
  8823 | Temple   | Entered the Ecumenical Temple
  8832 | Temple   | Became a worshipper of Kikubaaqudgha
  9027 | D:7      | Found Seetwo Jaoh's Armour Emporium.
  9082 | D:7      | Reached skill level 8 in Necromancy
  9084 | D:7      | Found a flagged portal.
  9146 | Bailey   | Entered a bailey
 10037 | Bailey   | Reached * piety under Kikubaaqudgha
 10037 | Bailey   | Received a gift from Kikubaaqudgha
 10851 | Bailey   | Noticed an orc knight
 11087 | D:7      | Noticed Prince Ribbit
 11116 | D:7      | Killed Prince Ribbit
 11824 | D:7      | Reached skill level 9 in Necromancy
 11871 | D:7      | Gained mutation: You are mostly covered in slimy green
                  | scales. (AC +3) [demonic ancestry]
 11871 | D:7      | Reached XP level 10. HP: 57/79 MP: 1/20
 13547 | D:8      | Reached ** piety under Kikubaaqudgha
 13680 | D:8      | Noticed an orange demon
 14081 | D:8      | Identified the +0 pair of gloves of the Spider Nest {rF+
                  | rN+ Int-2 Stlth+}
 14114 | D:8      | Found a blossoming altar of Fedhas.
 14250 | D:8      | Noticed Amaemon
 14663 | D:9      | Found Cetz's Antique Weapon Shop.
 14685 | D:9      | Noticed a manticore
 14686 | D:9      | Noticed Maggie
 14871 | D:9      | Noticed a two-headed ogre
 15177 | D:8      | Killed Amaemon
 15178 | D:8      | Reached skill level 10 in Necromancy
 15725 | D:9      | Noticed a manticore
 15732 | D:9      | Killed a manticore
 16157 | D:9      | Killed a two-headed ogre
 16158 | D:9      | Reached XP level 11. HP: 44/87 MP: 3/23
 16165 | D:9      | HP: 1/87 [manticore (7)]
 17039 | D:9      | Noticed a white ugly thing
 17045 | D:9      | Noticed a green ugly thing
 17046 | D:9      | Killed a white ugly thing
 17055 | D:9      | Killed a green ugly thing
 17060 | D:9      | HP: 4/87 [poisoned by a green ugly thing]
 17086 | D:9      | HP: 2/84 [laughing skull/bolt of negative energy (10)]
 17087 | D:9      | Slain by a laughing skull

Illustrated notes

Levels and vault maps discovered:
D:1:      dpeg_arrival_arbitrary_b, layout_basic, minmay_hexomino_u4
D:2:      layout_loops_ring
D:3:      layout_basic
D:4:      cheibrodos_fertilizer, layout_loops_ring, overflow_temple_1_default,
          uniq_robin
D:5:      layout_basic, nicolae_ossuary_entry_giza,
          kennysheep_decorative_pillar, hangedman_decor_diamond_cutter,
          uniq_grinder
D:6:      layout_rooms, grunt_temple_overflow_open,
          minmay_temple_entry_nine_rooms, uniq_eustachio
D:7:      minmay_octagon_keep, layout_basic, lightli_bailey_entry_fortress,
          serial_shops, nicolae_diamond_shop, serial_bayou_crossing,
          uniq_prince_ribbit1
D:8:      layout_rooms, mainiacjoe_overflow_catch_the_wave,
          nicolae_concentric_dashed_squares_wild, uniq_amaemon
D:9:      wander_river, layout_basic, makhleb_altar_promises_db, serial_shops,
          nicolae_shop_behind_doors, kennysheep_small_spiral,
          minmay_shattered_shrine, uniq_maggie
Temple:   nicolae_temple_two_arcs

Skill      XL: |  1  2  3  4  5  6  7  8  9 10 |
---------------+-------------------------------+-----
Stealth        | 2 |  2.0
Dodging        | 2 3 4 5 6 8 |  8.3
Fighting       | 1 2 3 4 5 7 8 |  8.8
Necromancy     | 5 6 7 9 10 | 10.7
Spellcasting   | 3 4 5 6 8 |  8.4

Action                     |  1- 3 |  4- 6 |  7- 9 | 10-12 || total
---------------------------+-------+-------+-------+-------++-------
  Melee: Unarmed           |     2 |       |       |       ||     2
         Hand axe          |     3 |       |       |       ||     3
         Whip              |       |    30 |   184 |   153 ||   367
         Touch             |       |     3 |    46 |    31 ||    80
         Punch             |       |     1 |     1 |       ||     2
   Cast: Necrotise         |    63 |   133 |   104 |    39 ||   339
         Vampiric Draining |       |     7 |    79 |    87 ||   173
         Animate Dead      |       |       |       |     1 ||     1
  Evoke: Wand              |       |       |       |     1 ||     1
    Use: Scroll            |       |       |       |     1 ||     1
   Stab: Distracted        |       |     1 |       |       ||     1
 Armour: Robe              |    13 |    50 |   146 |    21 ||   230
         Steam dragon scal |       |       |       |   196 ||   196
  Dodge: Dodged            |    15 |    71 |   183 |   187 ||   456
  Block: Other             |       |     2 |    25 |    43 ||    70
